 Dungeon Crawl Stone Soup version 0.27-a0-409-gd57800a693 (webtiles) character file.

Game seed: 4077915614932700773

14 Chiseanne the Magician (level 2, 24/24 HPs)
             Began as a Demonspawn Wanderer on Feb 23, 2021.
             Quit the game on level 1 of the Dungeon.
             The game lasted 00:01:06 (973 turns).

Chiseanne the Magician (Demonspawn Wanderer)         Turns: 973, Time: 00:01:06

Health: 24/24      AC:  8    Str: 10    XL:     2   Next: 31%
Magic:  7/7        EV:  4    Int: 13    God:
Gold:   46         SH:  0    Dex: 14    Spells: 9/9 levels left

rFire    . . .     SeeInvis .   a - +2 dagger
rCold    . . .     Faith    .   (no shield)
rNeg     . . .     Spirit   .   d - +0 chain mail
rPois    +         Reflect  .   (no helmet)
rElec    .         Harm     .   (no cloak)
rCorr    .         Rampage  .   (no gloves)
Will     .....                  (no boots)
Stlth    ..........             (no amulet)
HPRegen  0.08/turn              f - ring of poison resistance
MPRegen  0.10/turn              (no ring)

@: no status effects
A: talons 1
a: no special abilities


You were on level 1 of the Dungeon.
You visited 1 branch of the dungeon, and saw 1 of its levels.

You collected 46 gold pieces.

Inventory:

Hand Weapons
 a - a +2 dagger (weapon)
Missiles
 b - 2 curare-tipped darts (quivered)
 g - 33 stones
 h - 19 sling bullets
Armour
 d - a +0 chain mail (worn)
Jewellery
 f - a ring of poison resistance (left hand)
Scrolls
 e - 2 scrolls of amnesia {unknown}
 i - a scroll of identify {unknown}
 n - a scroll of magic mapping {unknown}
 o - a scroll of enchant armour {unknown}
 p - a scroll of teleportation {unknown}
Potions
 c - a potion of curing
 j - a potion of mutation {unknown}
 k - a potion of resistance {unknown}
 l - a potion of lignification {unknown}
 m - a potion of berserk rage {unknown}


   Skills:
 * Level 3.2 Fighting
 - Level 1.0 Throwing
 * Level 0.8 Armour
 * Level 0.9 Dodging
 - Level 4.0 Spellcasting
 - Level 1.0 Conjurations
 - Level 1.0 Evocations


You had 9 spell levels left.
You didn't know any spells.
Your spell library was empty.

Dungeon Overview and Level Annotations

Branches:
Dungeon (1/15)

Altars:


Innate Abilities, Weirdness & Mutations

You have sharp toenails.


Message History

You barely miss the goblin. The goblin hits you but does no damage.
You closely miss the goblin. Your kick misses the goblin.
You barely miss the goblin. You claw the goblin.
The goblin is severely wounded.
The goblin hits you with a +0 club.
You closely miss the goblin.
The goblin is severely wounded.
The goblin hits you but does no damage.
You closely miss the goblin.
The goblin is severely wounded.
The goblin barely misses you.
You closely miss the goblin.
The goblin is severely wounded.
The goblin hits you with a +0 club.
You hit the goblin.
You kill the goblin!
No target in view!
No target in view!
No target in view!
No target in view!
No target in view!
No target in view!
No target in view!
No target in view!
No target in view!
No target in view!
No target in view!
No target in view!
No target in view!
Things that are here:
a +0 club; a goblin corpse
n - a scroll labelled YFREORAOLO
o - a scroll labelled MAL BOELEW You see here a leather armour.
p - a scroll labelled VILOUS GAHANT
Things that are here:
a +0 club; a goblin corpse You see here a mace.
Done exploring.
Are you sure you want to abandon this character and quit the game? (Confirm with "yes".)

.........[...>........≈..≈≈≈P♣..#
#############.....≈..≈≈P≈≈≈♣≈P#.#
#.##≈≈≈≈≈PP≈≈≈♣≈###.#
#.###P♣≈≈♣P≈P≈≈###..# ###
##♣♣♣♣♣♣♣♣####.## #..#
############### #.##
########.............# #.#
#......#.......[@############.#
#......#.........#...#.P.##...#
#....................###.##.###
#..#################...#P##.#
#..# #.P..b...PPP# #...#.##.#
##.# ############# #...#P##.# #.#
###########...#P##.# ##.##
#.#........)..#P#### ....#
#.#####.#...###P#


There were no monsters in sight!

Vanquished Creatures
  An ooze (D:1)
  A dart slug (D:1)
  A giant cockroach (D:1)
  A goblin (D:1)
  A hobgoblin (D:1)
  A bat (D:1)
  A kobold (D:1)
  2 rats (D:1)
9 creatures vanquished.

Notes
Turn   | Place    | Note
-------+----------+-------------------------------------------
     0 | D:1      | Chiseanne the Demonspawn Wanderer began the quest for the
                  | Orb.
     0 | D:1      | Chiseanne set off with the following items: a +2 dagger, 2
                  | curare-tipped darts, a potion of curing, a +0 spear, a +0
                  | robe
     0 | D:1      | Reached XP level 1. HP: 18/18 MP: 5/5
   731 | D:1      | Gained mutation: You have sharp toenails. [demonic
                  | ancestry]
   731 | D:1      | Reached XP level 2. HP: 20/24 MP: 7/7
   973 | D:1      | Quit the game

Illustrated notes

Levels and vault maps discovered:
D:1:      dpeg_arrival_rhombi, layout_basic, serial_aquarium,
          aquarium_bridge_square [aquarium_subvault_bridge,
          aquarium_subvault_wall, aquarium_subvault_wall,
          aquarium_subvault_bridge], aquarium_bridge_straight
          [aquarium_subvault_bridge, aquarium_subvault_balcony,
          aquarium_subvault_bridge, aquarium_subvault_window],
          aquarium_window_fake, aquarium_window_fake, aquarium_window_3,
          aquarium_view_2a, aquarium_view_2b, aquarium_balcony_5a,
          serial_bayou_ford_a

Action                   || total
-------------------------++-------
Melee: Dagger            ||    39
       Kick              ||     2
Armor: Chain mail        ||    24
Dodge: Dodged            ||     9

Table legend: (Time is in decaauts)
 A = Elapsed time spent in this place.
 B = Non-inter-level travel time spent in this place.
 C = Inter-level travel time spent in this place.
 D = Time resting spent in this place.
 E = Time spent auto-exploring this place.
 F = Levels seen in this place.
 G = Mean time per level.
                   A        B        C        D        E       F      G
               +--------+--------+--------+--------+--------+-----+--------+
         Total |    983 |    983 |      0 |      0 |    897 |   1 |  983.0 |
       Dungeon |    983 |    983 |      0 |      0 |    897 |   1 |  983.0 |
               +--------+--------+--------+--------+--------+-----+--------+

Top non-repeatable levels by time:
     D:1: 983 daAuts
